 Dungeon Crawl Stone Soup version 0.28-a0-1182-g381e24db82 (webtiles) character file.

Game seed: 15954983182552191357

2 Jannitor the Skirmisher (level 1, -5/18 HPs)
             Began as a Demonspawn Chaos Knight on Dec 17, 2021.
             Was a Plaything of Xom.
             Slain by a gnoll (8 damage)
             ... on level 1 of the Dungeon.
             The game lasted 00:00:11 (115 turns).

Jannitor the Skirmisher (Demonspawn Chaos Knight)    Turns: 115, Time: 00:00:12

Health: -5/18      AC:  5    Str: 12    XL:     1   Next: 25%
Magic:  1/1        EV: 11    Int: 13    God:    Xom [..*...]
Gold:   26         SH:  0    Dex: 12    Spells: 0/0 levels left

rFire   . . .      SeeInvis .   a - +0 short sword (chaos)
rCold   . . .      Faith    .   (no shield)
rNeg    . . .      Spirit   .   b - +2 leather armour
rPois   .          Reflect  .   (no helmet)
rElec   .          Harm     .   (no cloak)
rCorr   .          Rampage  .   (no gloves)
Will    .....                   (no boots)
Stlth   +.........              (no amulet)
HPRegen 0.06/turn               (no ring)
MPRegen 0.07/turn               (no ring)

@: no status effects
A: no striking features
a: Renounce Religion


You were on level 1 of the Dungeon.
You worshipped Xom.
You were a toy of Xom.
You visited 1 branch of the dungeon, and saw 1 of its levels.

You collected 26 gold pieces.

Inventory:

Hand Weapons
 a - a +0 short sword of chaos (weapon)
Armour
 b - a +2 leather armour (worn)
Potions
 c - a potion of ambrosia {unknown}


   Skills:
 + Level 3.0 Fighting
 + Level 2.7 Short Blades
 - Level 1.7 Armour
 + Level 0.9 Dodging
 + Level 0.1 Stealth


You couldn't memorise any spells.
You didn't know any spells.
Your spell library was empty.

Dungeon Overview and Level Annotations

Branches:
Dungeon (1/15)

Altars:


Message History

The ball python hisses angrily.
A ball python is nearby!
You swap places.
You hit the ball python.
The ball python is severely wounded.
The ball python closely misses you. The ball python grabs you.
The ball python constricts you.
You hit the ball python but do no damage.
The ball python is poisoned.
The ball python is severely wounded.
You kill the ball python!
No target in view!
You now have 26 gold pieces (gained 11).
A hobgoblin and a gnoll come into view.
The gnoll shouts!
There are monsters nearby!
There are monsters nearby! "How about this?"
Your purple potion falls out of your pack, then immediately jumps back in!
Your rat zombie crumbles into dust!
The gnoll barely misses you.
You closely miss the gnoll. The gnoll barely misses you.
You hit the gnoll but do no damage. Lightning courses through the gnoll!
The gnoll is severely wounded.
The gnoll hits you with a +0 spear.
You hit the gnoll.
The gnoll is almost dead.
The gnoll misses you.
You hit the gnoll.
The gnoll goes berserk!
Xom is highly amused!
The gnoll is almost dead.
The gnoll hits you with a +0 spear!
Ouch! That really hurt!
* * * LOW HITPOINT WARNING * * *
A shower of butterflies erupts from you!
The gnoll hits you but does no damage.
You swap places.
The gnoll barely misses you.
The gnoll completely misses your butterfly.
The gnoll hits you from afar with a +0 spear!
You die...

#.# #.# ### ..# #.# ##.##
...# #.###...## ...#
..##..♣..## ...#
..#.......#########...###
..............<#.........
..#####+########..b......
....# #.........@.b......
....# #.##.#.####.#####$#
....# #.##.#.# #g#
#######....#.# #.#
#.......####.# #g#
#.####..####.####.#
..####.............
.....#..####.......
#.##....# #.. ###.#


You could see a gnoll (berserk, ally target) and a hobgoblin.

Vanquished Creatures
  A ball python (D:1)
  2 rats (D:1)
3 creatures vanquished.

Notes
Turn   | Place    | Note
-------+----------+-------------------------------------------
     0 | D:1      | Jannitor the Demonspawn Chaos Knight began the quest for
                  | the Orb.
     0 | D:1      | Reached XP level 1. HP: 18/18 MP: 1/1
   107 | D:1      | XOM: silly message
   112 | D:1      | XOM: butterfly on damage
   115 | D:1      | Slain by a gnoll

Illustrated notes

Levels and vault maps discovered:
D:1:      amcnicky_arrival_feature_with_door, layout_loops_cross,
          shapermc_ecumenical_altar_pompeii, minmay_misc_feat_tower

Action                   || total
-------------------------++-------
Melee: Short sword       ||     9
Armor: Leather armour    ||     1
Dodge: Dodged            ||     5

Table legend: (Time is in decaauts)
 A = Elapsed time spent in this place.
 B = Non-inter-level travel time spent in this place.
 C = Inter-level travel time spent in this place.
 D = Time resting spent in this place.
 E = Time spent auto-exploring this place.
 F = Levels seen in this place.
 G = Mean time per level.
                   A        B        C        D        E       F      G
               +--------+--------+--------+--------+--------+-----+--------+
         Total |    114 |    114 |      0 |      0 |     91 |   1 |  114.0 |
       Dungeon |    114 |    114 |      0 |      0 |     91 |   1 |  114.0 |
               +--------+--------+--------+--------+--------+-----+--------+

Top non-repeatable levels by time:
     D:1: 114 daAuts
